 Dungeon Crawl Stone Soup version 0.25-a0-353-ged6d547 (webtiles) character file.

Game seed: 5887026919722306390, levelgen mode: deterministic

105 puppykicker the Digger (level 4, -1/25 HPs)
             Began as a Gargoyle Earth Elementalist on Jan 2, 2020.
             Slain by a quokka (2 damage)
             ... on level 3 of the Dungeon.
             The game lasted 00:05:22 (1887 turns).

puppykicker the Digger (GrEE)                       Turns: 1887, Time: 00:05:23

Health: -1/25      AC:  8    Str: 12    XL:     4   Next: 83%
Magic:  0/7        EV: 10    Int: 16    God:
Gold:   97         SH:  0    Dex: 10    Spells: 4/8 levels left

rFire    . . .     SeeInvis .   a - +0 trident
rCold    . . .     Gourm    .   (no shield)
rNeg     + . .     Faith    .   m - +0 ring mail
rPois    ∞         Spirit   .   (no helmet)
rElec    +         Reflect  .   (no cloak)
rCorr    .         Harm     .   (no gloves)
MR       +....                  (no boots)
Stlth    +.........             (no amulet)
HPRegen  0.08/turn              (no ring)
MPRegen  0.10/turn              f - ring of protection from magic

@: hasted, very quick
A: negative energy resistance 1, electricity resistance, unbreathing,
petrification resistance, rot immunity, AC +3
a: no special abilities


You were on level 3 of the Dungeon.
You were not hungry.

You visited 1 branch of the dungeon, and saw 3 of its levels.

You collected 97 gold pieces.


Innate Abilities, Weirdness & Mutations

You are resistant to torment.
Your stone body is resilient. (AC +3)
You are immune to poison.
You resist negative energy. (rN+)
You are resistant to electric shocks. (rElec)
You can survive without breathing.
You are immune to petrification.
You are immune to rotting.


   Skills:
 + Level 1.0 Fighting
 + Level 0.8 Armour
 - Level 2.0 Dodging
 - Level 2.8 Stealth
 + Level 2.5 Spellcasting
 * Level 1.6 Conjurations
   Level 0.7 Transmutations
 * Level 4.6 Earth Magic


You had 4 spell levels left.
You knew the following spells:

 Your Spells              Type           Power        Failure   Level  Hunger
a - Sandblast             Erth           ###...       7%          1    #......
c - Stone Arrow           Conj/Erth      ##....       36%         3    ###....

Your spell library contained the following spells:

 Spells                   Type           Power        Failure   Level  Hunger
 Passwall                 Tmut/Erth      ##......     22%         2    ##.....
 Petrify                  Tmut/Erth      ##......     83%         4    #####..
 Lee's Rapid Deconstruct  Erth           ###.......   88%         5    ######.

Inventory:

Hand Weapons
 a - a +0 trident (weapon)
 b - a +0 hunting sling
Missiles
 g - 8 datura-tipped darts
 k - 24 bolts
 l - 59 stones (quivered)
Armour
 m - a +0 ring mail (worn)
Jewellery
 f - a ring of protection from magic (right hand)
Scrolls
 c - 2 scrolls of amnesia {unknown}
 h - 3 scrolls of teleportation {unknown}
 j - a scroll of enchant armour {unknown}
 n - 3 scrolls of remove curse {unknown}
 p - 2 scrolls of identify {unknown}
Potions
 e - 2 potions of haste
 o - 2 potions of degeneration {unknown}
 q - a potion of curing {unknown}
Comestibles
 d - 6 rations
 i - 5 chunks of flesh {@w1}

Dungeon Overview and Level Annotations

Branches:
Dungeon (3/15)

Altars:
Fedhas
Makhleb
Xom

..##.# #.#... .
#.#.### #.#...
?#.
#....######.....
....
#..........##..
..#
#...######.###.
..# ##..## #.#
## #g###...# #.#
#r#.#..# #÷#
#@....# #÷#
####.## #.#
###.### #.#
#.....# #.#
#.....# ..#
#.....# #.##
#.....# #.
#.....# ..
####### ##


You could see a quokka and a goblin.


Message History

The quokka bites you but does no damage.
Attack whom?
Aim: a quokka You barely miss the quokka.
The quokka barely misses you.
Attack whom?
Aim: a quokka You closely miss the quokka.
The quokka barely misses you. The quokka bites you.
* * * LOW HITPOINT WARNING * * *
Attack whom?
Aim: a quokka You barely miss the quokka.
The quokka bites you but does no damage.
The quokka barely misses you.
Aiming: Sandblast (safe; 7% risk of failure)
Aim: a quokka The blast of sand hits the quokka but does no damage.
l - 59 stones The quokka barely misses you.
Attack whom?
Aim: a quokka You barely miss the quokka.
The quokka barely misses you.
Attack whom?
Aim: a quokka You hit the quokka.
The quokka is almost dead.
The quokka bites you.
* * * LOW HITPOINT WARNING * * *
The quokka barely misses you.
It was a potion of haste.
You feel yourself speed up. The quokka bites you.
You die...

Action                   |  1- 3 |  4- 6 || total
-------------------------+-------+-------++-------
Melee: Unarmed           |     2 |       ||     2
       Hand axe          |    44 |    42 ||    86
       Dagger            |    13 |       ||    13
       Trident           |       |    20 ||    20
Throw: Dart              |     1 |       ||     1
 Cast: Sandblast         |     8 |    11 ||    19
       Stone Arrow       |     1 |       ||     1
  Use: Potion            |       |     1 ||     1
 Stab: Sleeping          |     2 |     2 ||     4
  Eat: Chunk             |     1 |     3 ||     4
Armor: Leather armour    |    16 |    18 ||    34
       Robe              |     4 |       ||     4
       Ring mail         |       |     6 ||     6
Dodge: Dodged            |    44 |    53 ||    97

Levels and vault maps discovered:
D:1:      mrwooster_arrival_statue, layout_basic
D:2:      layout_loops_ring, old_standard_altar,
          gammafunk_temple_overflow_elements, uniq_terence
D:3:      layout_loops_cross

Notes
Turn   | Place    | Note
-------+----------+-------------------------------------------
     0 | D:1      | puppykicker the Gargoyle Earth Elementalist began the quest
                  | for the Orb.
     0 | D:1      | Reached XP level 1. HP: 10/10 MP: 3/3
   101 | D:1      | Reached XP level 2. HP: 15/15 MP: 1/5
   631 | D:1      | Reached skill level 4 in Earth Magic
   758 | D:1      | Reached XP level 3. HP: 19/19 MP: 6/6
   901 | D:2      | Learned a level 3 spell: Stone Arrow
   928 | D:2      | Found a shimmering altar of Xom.
   939 | D:2      | Reached skill level 2 in Dodging
  1027 | D:2      | Noticed Terence
  1038 | D:2      | Killed Terence
  1044 | D:2      | Reached skill level 1 in Conjurations
  1044 | D:2      | Reached XP level 4. HP: 11/24 MP: 1/7
  1394 | D:2      | Found a burning altar of Makhleb.
  1394 | D:2      | Found a blossoming altar of Fedhas.
  1873 | D:3      | Reached skill level 1 in Fighting
  1886 | D:3      | HP: 1/25 [quokka (4)]
  1887 | D:3      | Slain by a quokka

Vanquished Creatures
  2 adders
  An ooze (D:1)
  A dart slug (D:1)
  3 leopard geckos
  3 orcs (D:3)
  A ball python (D:1)
  A bat (D:1)
  4 giant cockroaches
  3 goblins
  6 hobgoblins
  6 jackals
  2 kobolds
  A quokka (D:2)
  A frilled lizard (D:2)
  3 rats
38 creatures vanquished.

Vanquished Creatures (collateral kills)
  Terence (D:2)
1 creature vanquished.

Grand Total: 39 creatures vanquished
